Map: Overgrown Facility

Players

straightleft

  • Race: Terran Terran
  • Spawn Location: 9:00

FrostByte

  • Race: Zerg Zerg
  • Spawn Location: 7:00

Mesrob - Winner!

  • Race: Terran Terran
  • League: Gold
  • Spawn Location: 3:00

Subwaymaker - Winner!

  • Race: Protoss Protoss
  • League: Silver
  • Spawn Location: 1:00

VOD

Have the link to the VOD?

Description

Time

  • Played on: Jan. 13, 2019, 8:13 p.m.
  • Length: 17:21
Show
View Real Time Build Order
Export as new Build Order

straightleft Terran 

Build Orders:  

Get SALT Encoding   

  12  0:01  SCV  
  13  0:13  SCV  
  14  0:25  SCV  
  15  0:32  Supply Depot  
  15  0:56  Refinery  
  15  0:57  Barracks  
  15  1:00  SCV  
  16  1:08  Supply Depot  
  16  1:21  SCV  
  17  1:34  SCV  
  18  1:49  SCV  
  18  1:52  Barracks Reactor  
  19  2:01  Command Center  
  19  2:15  Orbital Command  
  19  2:31  Marine x2  
  21  2:39  Factory  
  21  2:40  SCV  
  22  2:48  Marine x2  
  24  2:54  Supply Depot  
  24  3:10  SCV  
  25  3:14  Orbital Command  
  25  3:18  Refinery  
  25  3:22  SCV  
  25  3:26  Marine  
  25  3:27  Factory Tech Lab  
  26  3:32  Starport  
  26  3:34  SCV  
  26  3:37  Marine  
  28  3:48  SCV  
  29  3:57  Orbital Command  
  29  3:59  Siege Tank  
  29  4:01  SCV  
  33  4:17  Marine x2  
  33  4:18  Starport Tech Lab  
  33  4:22  Barracks  
  35  4:28  SCV  
  35  4:30  SCV  
  37  4:42  Marine x2  
  37  4:45  Siege Tank  
  38  5:02  Engineering Bay  
  38  5:05  SCV  
  39  5:20  SCV  
  39  5:21  Marine x2  
  42  5:23  Barracks Tech Lab  
  42  5:29  Starport  
  42  5:30  SCV  
  42  5:34  Missile Turret  
  43  5:37  Missile Turret  
  43  5:54  Marine x3  
  46  5:59  SCV  
  46  6:00  SCV  
  48  6:09  Starport Reactor  
  48  6:11  SCV  
  48  6:12  Barracks  
  48  6:15  Supply Depot  
  48  6:17  Stimpack  
  49  6:20  SCV  
  49  6:23  SCV  
  51  6:28  Banshee  
  51  6:29  Supply Depot  
  54  6:37  Refinery, SCV  
  55  6:48  Marine x3  
  55  6:53  Siege Tank  
  61  6:57  SCV  
  61  6:58  SCV  
  63  7:06  Marine  
  63  7:08  Missile Turret  
  64  7:28  Marine x2  
  64  7:29  Marauder, Barracks Tech Lab  
  68  7:48  Marauder  
  70  8:01  Marine  
  70  8:06  Marine  
  70  8:07  Marauder  
  70  8:10  Marauder  
  69  8:17  Weapon Refit  
  69  8:18  Fusion Core  
  69  8:19  SCV  
  70  8:30  Marine x2, Marauder, Supply Depot, Banshee  
  70  8:31  Supply Depot, SCV  
  78  8:40  Marine, Combat Shield  
  79  8:43  SCV  
  79  8:46  Refinery  
  79  8:47  Marine  
  79  8:48  SCV  
  82  8:55  SCV  
  83  9:12  Banshee  
  83  9:13  Starport  
  86  9:17  SCV  
  86  9:18  SCV  
  86  9:19  Marine x2, Marauder  
  86  9:20  Siege Tank  
  95  9:29  SCV  
  95  9:30  SCV  
  97  9:32  Supply Depot  
  97  9:33  Concussive Shells  
  97  9:34  Marauder  
  99  9:42  SCV  
  100  9:51  Starport Tech Lab  
  100  9:57  Cloaking Field  
  100  9:59  Marine x2, Marauder x2  
  106  10:00  SCV  
  107  10:11  Command Center  
  107  10:17  Marine  
  108  10:24  Supply Depot  
  108  10:26  Supply Depot  
  108  10:30  SCV  
  108  10:31  SCV  
  107  11:12  Battlecruiser x2  
  119  11:20  Terran Infantry Weapons Level 1  
  119  11:25  Starport  
  119  11:32  SCV  
  120  11:33  Starport  
  120  11:35  Planetary Fortress  
  120  11:44  Siege Tank, SCV  
  124  11:49  Armory  
  124  11:53  Armory  
  125  11:54  SCV  
  125  11:56  SCV  
  126  12:02  Refinery  
  126  12:06  Refinery  
  126  12:07  SCV  
  128  12:08  SCV  
  128  12:12  Starport Tech Lab, Starport Reactor  
  128  12:13  Viking  
  128  12:14  Viking  
  132  12:41  Viking x2  
  136  12:56  Supply Depot  
  136  12:57  Supply Depot  
  136  13:03  Terran Vehicle And Ship Armor Level 1  
  136  13:07  Terran Ship Weapons Level 1  
  136  13:08  SCV  
  137  13:14  SCV  
  137  13:15  SCV  
  137  13:16  Terran Infantry Armor Level 1  
  137  13:17  Battlecruiser  
  137  13:19  Viking x3  
  151  13:20  SCV  
  151  13:26  SCV  
  153  13:45  Viking  
  155  13:49  SCV  
  156  13:56  SCV  
  157  14:15  Factory  
  157  14:22  Supply Depot x2  
  157  14:23  Battlecruiser x2  
  170  14:24  SCV  
  170  14:30  Command Center, Siege Tank  
  173  14:48  Viking  
  173  14:49  Battlecruiser  
  181  15:02  Siege Tank  
  184  15:34  Supply Depot  
  184  15:35  Battlecruiser  
  190  15:37  Supply Depot  
Show
View Real Time Build Order
Export as new Build Order

FrostByte Zerg 

Build Orders: Pool First 

Get SALT Encoding   

  12  0:23  Spawning Pool, Drone  
  12  0:26  Drone  
  13  0:32  Drone  
  14  0:36  Extractor  
  13  0:44  Overlord  
  13  0:48  Drone  
  14  1:05  Drone  
  14  1:09  Drone  
  16  1:27  Hatchery  
  16  1:29  Drone  
  16  1:34  Drone  
  17  1:53  Queen  
  19  1:55  Zergling x2  
  19  1:56  Zergling x2  
  21  2:05  Zergling x2  
  22  2:33  Hatchery  
  22  2:34  Overlord  
  22  2:36  Drone  
  22  2:43  Extractor  
  21  2:50  Spine Crawler  
  20  2:51  Drone  
  21  2:59  Drone  
  21  3:01  Drone  
  21  3:05  Drone  
  24  3:10  Drone  
  25  3:14  Drone  
  26  3:31  Lair  
  26  3:42  Drone x3  
  26  3:43  Drone  
  26  3:46  Drone  
  31  3:49  Drone  
  31  3:54  Drone  
  33  4:03  Metabolic Boost  
  33  4:11  Drone  
  33  4:12  Drone x2  
  33  4:14  Drone  
  33  4:16  Drone  
  38  4:18  Drone  
  38  4:21  Drone  
  38  4:23  Drone  
  41  4:26  Drone  
  42  4:40  Spire  
  42  4:45  Overseer, Hydralisk Den  
  40  4:46  Overlord  
  40  4:52  Spore Crawler  
  39  4:57  Spore Crawler  
  39  4:58  Spore Crawler  
  37  5:00  Drone  
  37  5:01  Spore Crawler  
  37  5:03  Drone  
  37  5:04  Drone  
  39  5:20  Extractor  
  38  5:21  Queen  
  38  5:22  Drone x2  
  38  5:23  Extractor  
  38  5:25  Overlord  
  38  5:26  Overlord  
  41  5:32  Spore Crawler  
  41  5:35  Spore Crawler, Drone  
  40  5:37  Drone  
  41  5:54  Mutalisk x3  
  41  5:55  Mutalisk  
  49  6:03  Mutalisk x2  
  53  6:10  Zergling x8  
  53  6:11  Zergling x2  
  58  6:13  Zergling x2  
  59  6:21  Zergling x4  
  59  6:22  Zergling x2  
  62  6:43  Mutalisk x2  
  66  6:51  Overlord x3  
  66  7:06  Overlord  
  66  7:07  Overlord x2  
  41  8:20  Hydralisk x2  
  41  8:21  Hydralisk x6  
  41  8:22  Hydralisk x2  
  61  8:28  Mutalisk  
  61  8:29  Mutalisk x4  
  71  8:35  Grooved Spines  
  71  8:40  Drone  
  72  8:56  Zergling x6  
  72  8:57  Zergling x10  
  72  8:58  Zergling x6  
  83  9:21  Hydralisk x3  
  83  9:22  Hydralisk  
  91  9:30  Hydralisk x2  
  91  9:31  Hydralisk x5  
  95  9:33  Zergling x4  
  95  9:36  Zergling x2  
  108  9:46  Muscular Augments, Drone x2  
  108  9:47  Drone  
  111  10:20  Hatchery  
  63  11:09  Infestation Pit  
  62  11:16  Mutalisk x6  
  62  11:17  Mutalisk x2  
  78  11:31  Baneling Nest  
  78  11:32  Roach Warren  
  76  11:33  Drone  
  76  11:34  Drone x2  
  79  11:43  Evolution Chamber  
  79  11:46  Evolution Chamber  
  77  11:51  Hydralisk  
  77  11:52  Hydralisk x5  
  77  11:53  Hydralisk x2  
  93  11:58  Corruptor x2  
  93  12:00  Zergling x2  
  98  12:05  Hive  
  98  12:16  Queen  
  98  12:18  Drone  
  98  12:19  Drone x2  
  103  12:24  Overlord  
  103  12:26  Overseer  
  103  12:30  Overlord  
  103  12:37  Drone  
  103  12:38  Drone x3  
  103  12:41  Drone  
  108  12:56  Corruptor x2  
  112  13:18  Zerg Missile Weapons Level 1  
  112  13:20  Zerg Ground Armor Level 1  
  112  13:24  Viper  
  115  13:31  Drone x3  
  118  13:35  Extractor  
  117  13:55  Hatchery  
  116  14:03  Zergling x2  
  116  14:04  Zergling x10  
  116  14:05  Zergling x12  
  128  14:11  Overlord x2  
  128  14:16  Centrifical Hooks  
  128  14:21  Greater Spire  
  128  14:23  Adrenal Glands  
  128  14:37  Drone  
  128  14:38  Drone x4  
  133  14:39  Extractor  
  132  14:52  Zergling x10  
  137  14:53  Zergling x8  
  137  14:56  Baneling x6  
  137  14:57  Baneling x6  
  137  14:58  Baneling x5  
  137  14:59  Baneling x5  
  141  15:00  Baneling x3  
  141  15:14  Queen  
  141  15:16  Drone  
  144  15:22  Baneling x3  
  144  15:23  Baneling x6  
  144  15:24  Baneling x2  
  144  15:26  Baneling  
  144  15:28  Baneling  
  144  15:31  Baneling  
  144  15:33  Baneling  
  144  15:44  Drone x3  
  144  15:47  Extractor  
  146  15:52  Brood Lord  
  148  16:03  Extractor  
  86  16:37  Hydralisk x2  
  86  16:38  Hydralisk x6  
  86  16:39  Hydralisk x5  
  90  16:40  Hydralisk  
  73  16:49  Hydralisk x3  
  74  17:01  Zergling x12  
  77  17:02  Zergling x4  
Show
View Real Time Build Order
Export as new Build Order

Mesrob Terran - Winner!

Build Orders: Mech 

Get SALT Encoding   

  12  0:01  SCV  
  13  0:13  SCV  
  14  0:20  Supply Depot  
  14  0:27  SCV  
  15  0:42  SCV  
  16  0:49  Barracks  
  16  0:54  SCV  
  17  1:05  Refinery  
  17  1:23  SCV  
  18  1:40  Orbital Command  
  18  1:49  Marine  
  18  1:50  Command Center  
  19  2:06  SCV  
  20  2:18  SCV  
  20  2:25  Factory  
  20  2:26  Barracks Tech Lab  
  20  2:33  Supply Depot  
  20  2:37  SCV  
  21  2:49  SCV  
  22  2:55  Supply Depot  
  22  3:01  SCV  
  22  3:02  Orbital Command  
  22  3:03  Refinery  
  23  3:14  Refinery, SCV  
  24  3:20  Engineering Bay  
  24  3:26  Barracks Tech Lab  
  24  3:35  SCV  
  24  3:37  Supply Depot  
  24  3:40  Siege Tank  
  28  3:47  SCV  
  29  3:55  Armory  
  29  3:59  SCV  
  30  4:04  Supply Depot, SCV  
  31  4:11  SCV  
  31  4:13  Siege Tank  
  31  4:16  SCV  
  36  4:28  Missile Turret, SCV  
  37  4:37  SCV  
  38  4:39  Refinery  
  38  4:40  SCV  
  39  4:47  Barracks Reactor  
  39  4:49  Factory, Missile Turret, SCV  
  39  4:52  SCV  
  41  5:03  SCV  
  41  5:04  SCV  
  41  5:07  Siege Tank  
  46  5:15  SCV  
  46  5:17  SCV  
  48  5:27  SCV  
  49  5:29  SCV  
  49  5:33  Factory  
  50  5:37  Thor  
  50  5:39  SCV  
  50  5:41  SCV  
  58  5:47  Terran Vehicle Weapons Level 1  
  58  5:51  SCV  
  59  5:59  Command Center  
  59  6:00  Missile Turret  
  59  6:11  Thor  
  65  6:23  Missile Turret  
  65  6:32  Supply Depot  
  65  6:34  SCV x2  
  67  6:46  SCV x2  
  73  6:54  Hellbat x2  
  73  6:55  Supply Depot  
  73  6:58  SCV  
  73  7:00  SCV  
  75  7:10  SCV  
  75  7:11  Thor  
  75  7:12  Refinery, SCV  
  75  7:15  Planetary Fortress  
  83  7:19  Supply Depot  
  83  7:22  SCV  
  84  7:24  SCV  
  84  7:27  Thor  
  84  7:28  Hellbat x2  
  95  7:32  Barracks Tech Lab  
  95  7:34  SCV  
  95  7:36  SCV  
  97  7:39  Refinery  
  97  7:42  Supply Depot  
  97  7:47  Missile Turret  
  97  8:05  Supply Depot  
  93  8:28  Thor x2  
  93  8:29  Hellbat x2, Supply Depot  
  109  8:38  Missile Turret  
  109  8:51  Sensor Tower  
  109  8:54  Sensor Tower  
  109  8:59  Missile Turret  
  109  9:04  SCV  
  109  9:06  SCV  
  109  9:07  SCV  
  112  9:16  SCV  
  113  9:18  SCV  
  113  9:19  Sensor Tower, SCV  
  113  9:20  Missile Turret  
  115  9:26  Supply Depot  
  115  9:39  Missile Turret  
  115  9:44  Sensor Tower  
  115  9:49  Supply Depot  
  115  9:53  Sensor Tower, Thor x2  
  115  9:55  Hellbat x2  
  131  10:01  Missile Turret  
  131  10:06  Barracks Reactor  
  131  10:10  Factory  
  131  10:16  Hellbat x2, Supply Depot  
  135  10:22  Missile Turret  
  135  10:36  Thor x2  
  145  10:42  Missile Turret  
  145  10:46  Supply Depot  
  137  11:03  Missile Turret  
  136  11:10  Supply Depot  
  136  11:25  Missile Turret  
  136  11:33  Supply Depot  
  136  11:34  Barracks Tech Lab  
  136  11:44  Factory  
  136  11:50  Thor x2  
  136  11:51  Thor  
  136  11:52  Hellbat x2  
  157  11:56  Missile Turret  
  157  12:05  Sensor Tower  
  157  12:10  Command Center  
  157  12:18  Missile Turret  
  157  12:27  Barracks Tech Lab  
  157  12:31  Factory  
  157  12:33  Thor x2  
  157  12:34  Thor  
  175  12:44  Hellbat x2  
  179  12:46  Hellbat  
  181  12:56  Supply Depot  
  181  13:17  Thor  
  181  13:18  Hellbat  
  189  13:21  Supply Depot, Thor  
  189  13:22  Hellbat x2  
  199  13:28  Planetary Fortress  
  199  13:34  SCV  
  199  13:41  Refinery  
  200  13:43  Supply Depot  
  200  13:59  Refinery  
  200  14:05  Supply Depot  
  200  14:20  Terran Vehicle And Ship Armor Level 1  
  200  14:26  Armory  
  200  14:44  Starport  
  200  15:22  Starport  
  200  16:00  Starport  
  200  16:18  Hellbat, Thor  
  198  16:19  Thor  
  172  16:36  Starport  
  176  16:40  Hellbat x4  
  145  17:14  Starport  
Show
View Real Time Build Order
Export as new Build Order

Subwaymaker Protoss - Winner!

Build Orders: Oracle Opening 

Get SALT Encoding   

  1  0:00  Probe  
  13  0:07  Probe  
  14  0:28  Pylon  
  14  0:29  Probe  
  14  0:34  Assimilator  
  15  0:46  Probe  
  16  0:54  Gateway  
  16  0:55  Pylon  
  16  0:57  Probe  
  17  1:05  Probe  
  18  1:15  Probe  
  19  1:27  Probe  
  20  1:36  Assimilator  
  20  1:39  Pylon, Probe  
  21  1:48  Cybernetics Core  
  21  1:51  Probe  
  22  1:55  Zealot  
  24  2:18  Nexus  
  24  2:26  Probe  
  25  2:41  Stargate  
  25  2:48  Shield Battery  
  25  2:50  Forge  
  25  2:55  Probe  
  26  3:03  Probe  
  26  3:12  Protoss Air Weapons Level 1, Probe  
  29  3:13  Sentry  
  30  3:24  Probe  
  31  3:27  Oracle  
  31  3:33  Probe  
  34  3:37  Probe  
  34  3:39  Stalker  
  34  3:41  Probe  
  39  3:56  Photon Cannon  
  39  3:58  Shield Battery  
  39  3:59  Pylon  
  39  4:02  Probe x2  
  41  4:19  Probe  
  42  4:24  Probe  
  42  4:27  Probe  
  42  4:29  Assimilator  
  44  4:32  Photon Cannon  
  44  4:35  Assimilator  
  44  4:36  Probe x2  
  46  4:48  Probe x2  
  48  4:56  Oracle  
  51  5:16  Warp Gate  
  51  5:18  Probe  
  52  5:30  Probe  
  52  5:31  Probe  
  54  5:37  Pylon  
  54  5:39  Protoss Ground Armor Level 1, Pylon  
  54  5:42  Probe  
  55  5:43  Probe  
  56  5:51  Void Ray  
  56  5:54  Probe  
  56  5:55  Probe  
  62  6:03  Pylon  
  62  6:06  Stalker  
  64  6:16  Stargate  
  64  6:20  Twilight Council  
  64  6:24  Gateway  
  64  6:25  Gateway  
  64  6:27  Gateway  
  62  7:27  Charge  
  62  7:29  Void Ray  
  66  7:36  Stalker x2  
  66  7:37  Stalker x2  
  61  8:09  Stalker  
  61  8:10  Stalker x3  
  69  8:13  Void Ray  
  69  8:26  Pylon  
  69  8:34  Protoss Ground Armor Level 2  
  69  8:42  Stalker  
  69  8:43  Stalker x3  
  69  8:47  Void Ray  
  81  8:56  Void Ray  
  81  8:57  Nexus  
  81  9:00  Pylon  
  85  9:03  Pylon  
  85  9:08  Pylon  
  85  9:11  Assimilator  
  85  9:15  Assimilator  
  85  9:25  Pylon  
  85  9:30  Pylon, Void Ray  
  89  9:35  Photon Cannon  
  89  9:45  Fleet Beacon  
  89  9:46  Stargate  
  89  9:48  Gateway  
  89  9:52  Zealot  
  89  9:53  Zealot x3  
  89  9:55  Void Ray  
  101  10:05  Probe x2  
  103  10:13  Void Ray  
  107  10:17  Probe  
  107  10:20  Stalker x2  
  107  10:21  Stalker x2  
  100  10:44  Zealot x3  
  100  10:45  Zealot x2  
  88  11:11  Zealot  
  88  11:12  Zealot x4  
  88  11:14  Void Ray  
  88  11:16  Carrier  
  88  11:17  Carrier  
  114  11:34  Robotics Facility  
  114  11:37  Photon Cannon  
  114  11:39  Photon Cannon  
  114  11:48  Probe  
  114  11:52  Probe x2  
  117  11:56  Probe, Zealot x3  
  117  11:57  Zealot x2  
  128  12:03  Protoss Air Armor Level 1  
  128  12:04  Probe x2  
  130  12:20  Observer  
  131  12:36  Zealot  
  133  12:42  Pylon  
  133  12:45  Photon Cannon  
  133  12:48  Pylon  
  133  13:00  Void Ray  
  137  13:12  Protoss Shields Level 1  
  137  13:19  Pylon x2  
  137  13:22  Pylon  
  137  13:26  Pylon, Blink  
  137  13:27  Pylon  
  137  13:29  Pylon  
  137  13:30  Carrier x2  
  149  14:15  Gateway  
  149  14:18  Gateway  
  149  14:20  Gateway  
  149  14:22  Gateway  
  149  14:24  Gateway  
  149  14:26  Protoss Air Armor Level 2  
  149  14:32  Forge  
  149  14:44  Zealot x3  
  149  14:45  Zealot  
  157  14:46  Zealot  
  157  14:48  Void Ray  
  157  14:52  Void Ray  
  167  14:59  Protoss Ground Weapons Level 1  
  167  15:22  Zealot  
  167  15:23  Zealot  
  167  15:24  Stalker x2  
  167  15:25  Stalker  
  167  15:26  Stalker  
  167  15:27  Stalker x2  
  183  15:28  Stalker  
  183  15:30  Stalker  
  187  15:52  Void Ray  
  195  16:00  Stalker  
  189  16:30  Stalker  
  189  16:31  Stalker x2  
  189  16:32  Stalker x3  
Tags
 
Add a new tag
Caveats
  • Supply blocks, unpowered buildings, or Contaminate may cause inaccurate times.
  • Supply counts are checked every 10 seconds.